 Dungeon Crawl Stone Soup version 0.30.0-29-ga12c61a403 (webtiles) character file.

Game seed: 12111623489127156661

95 Descartes the Digger (level 4, -2/30 HPs)
             Began as a Formicid Earth Elementalist on June 21, 2023.
             Slain by Crazy Yiuf
             ... wielding a +4 quarterstaff of chaos
              (8 damage)
             ... on level 2 of the Dungeon.
             The game lasted 00:04:36 (2167 turns).

Descartes the Digger (Formicid Earth Elementalist)  Turns: 2167, Time: 00:04:37

Health: -2/30      AC:  5    Str: 14    XL:     4   Next: 95%
Magic:  6/8        EV: 11    Int: 15    God:
Gold:   52         SH:  5    Dex: 14    Spells: 7/8 levels left

rFire   . . .        m - +1 dagger (venom)
rCold   . . .        (no shield)
rNeg    . . .        d - +0 ring mail
rPois   .            (helmet unavailable)
rElec   .            (no cloak)
rCorr   .            (no gloves)
SInv    +            (no boots)
Will    .....        n - amulet of reflection
Stlth   ++           (no ring)
HPRegen 0.25/turn    (no ring)
MPRegen 0.11/turn

%: reflection
@: no status effects
A: permanent stasis, dig shafts and tunnels, antennae 3, four strong arms
a: Dig, Shaft Self


You were on level 2 of the Dungeon.
You visited 1 branch of the dungeon, and saw 2 of its levels.

You collected 52 gold pieces.

Inventory:

Hand Weapons
 c - a +0 dagger
 l - a +0 falchion
 m - a +1 dagger of venom (weapon)
Missiles
 o - 4 poisoned darts
Armour
 a - a +0 robe
 d - a +0 ring mail (worn)
Jewellery
 n - an amulet of reflection (around neck)
Scrolls
 e - a scroll of silence {unknown}
 f - a scroll of identify {unknown}
 h - a scroll of fog {unknown}
 i - a scroll of enchant weapon {unknown}
 k - a scroll of magic mapping {unknown}
Potions
 b - 2 potions of magic
 g - 2 potions of flight {unknown}
 j - a potion of berserk rage {unknown}


   Skills:
 + Level 1.7 Armour
 - Level 1.7 Dodging
 + Level 3.5 Stealth
 + Level 2.8 Spellcasting
 - Level 1.1 Transmutations
 + Level 4.3 Earth Magic
 + Level 1.7 Evocations


You had 7 spell levels left.
You knew the following spells:

 Your Spells              Type           Power      Damage    Failure   Level
a - Sandblast             Erth           30%        2d9       7%          1

Your spell library contained the following spells:

 Spells                   Type           Power      Damage    Failure   Level
 Passwall                 Tmut/Erth      8%         N/A       21%         2
 Stone Arrow              Conj/Erth      16%        3d8       45%         3
 Petrify                  Tmut/Erth      10%        N/A       78%         4


Dungeon Overview and Level Annotations

Branches:
Dungeon (2/15)

Altars:

Annotations:
D:2 Crazy Yiuf


Innate Abilities, Weirdness & Mutations

You cannot be hasted, slowed, berserked, paralysed or teleported.
You can dig through walls and to a lower floor.
You have a pair of large antennae on your head. (SInv)
Your four strong arms can wield two-handed weapons with a shield.


Message History

Found a hammer.
Found a runed translucent door.
You sense a monster nearby.
You open the door. Crazy Yiuf attacks as you move away!
Crazy Yiuf barely misses you.
Crazy Yiuf laughs, "Action Orb Guardian down!"
Crazy Yiuf screams, "You sow mobile!"
Crazy Yiuf attacks as you move away!
Crazy Yiuf hits you with a +4 quarterstaff of chaos.
Your stasis prevents you from being slowed.
Crazy Yiuf attacks as you move away!
Crazy Yiuf hits you with a +4 quarterstaff of chaos!
Crazy Yiuf burns you.
Crazy Yiuf whimpers, "Mountain ragdoll fast!"
Casting: Sandblast (safe; 7% risk of failure)
Confirm with . or Enter, or press ? or * to list all spells.
Aiming: Sandblast (safe; 7% risk of failure)
Press: ? - help, Shift-Dir - straight line, f - Crazy Yiuf
Aim: Crazy Yiuf, wielding a +4 quarterstaff of chaos and wearing a +2 cloak of willpower (84% to hit)
The blast of sand hits Crazy Yiuf but does no damage.
You block Crazy Yiuf's attack.
Crazy Yiuf hits you with a +4 quarterstaff of chaos!
* * * LOW HITPOINT WARNING * * *
Your stasis prevents you from being slowed.
Unknown command.
Casting: Sandblast (safe; 7% risk of failure)
Confirm with . or Enter, or press ? or * to list all spells.
Aiming: Sandblast (safe; 7% risk of failure)
Press: ? - help, Shift-Dir - straight line, f/p - Crazy Yiuf
Aim: Crazy Yiuf, wielding a +4 quarterstaff of chaos and wearing a +2 cloak of willpower (84% to hit)
The blast of sand hits Crazy Yiuf.
Crazy Yiuf is moderately wounded.
Crazy Yiuf hits you with a +4 quarterstaff of chaos.
* * * LOW HITPOINT WARNING * * *
Crazy Yiuf freezes you.
* * * LOW HITPOINT WARNING * * *
Crazy Yiuf attacks as you move away! Crazy Yiuf barely misses you.
Crazy Yiuf laughs, "Prologue!"
Crazy Yiuf attacks as you move away!
Crazy Yiuf hits you with a +4 quarterstaff of chaos!
You die...

##.# #.####.#.#.###. #.##
#.......<...... ##.##
#.##########.## #...##
### #.#.#...# #....#
##.#..#.. #....#
#.#..###.
###....###########..##.##
#......g.......##..##...#
#.......@......##.##.....
#............).##..##...#
#...............##..##†##
########.###....#.#).#.#.
#.# #....##.#..... #.#
#....#.#.#...# #.#
#....######### #.#
#....... #.# #....##.


You could see Crazy Yiuf.

Vanquished Creatures
  3 adders (D:2)
  A worm (D:2)
  A dart slug (D:2)
  8 bats
  2 endoplasms
  2 giant cockroaches (D:2)
  9 goblins
  5 hobgoblins
  5 jackals (D:2)
  4 quokkas
  A ball python (D:1)
  3 frilled lizards
  10 kobolds
  7 rats
61 creatures vanquished.

Notes
Turn   | Place    | Note
-------+----------+-------------------------------------------
     0 | D:1      | Descartes the Formicid Earth Elementalist began the quest
                  | for the Orb.
     0 | D:1      | Reached XP level 1. HP: 13/13 MP: 3/3
   141 | D:1      | Reached XP level 2. HP: 19/19 MP: 3/5
   566 | D:1      | Reached skill level 1 in Armour
   566 | D:1      | Reached skill level 1 in Evocations
   566 | D:1      | Reached XP level 3. HP: 24/24 MP: 4/6
   779 | D:1      | Reached skill level 4 in Earth Magic
  1364 | D:2      | Reached XP level 4. HP: 27/30 MP: 3/7
  2148 | D:2      | Found a runed translucent door.
  2149 | D:2      | Noticed Crazy Yiuf
  2167 | D:2      | Slain by Crazy Yiuf

Illustrated notes

Levels and vault maps discovered:
D:1:      nzn_arrival_depleted_hourglass, layout_basic, lexackson_kobold_supper
D:2:      minmay_diamond_boxcup, layout_basic, uniq_sigmund,
          uniq_crazy_yiuf_cottage

Skill      XL: |  1  2  3 |
---------------+----------+-----
Armour         | 1 |  1.7
Evocations     | 1 |  1.7
Earth Magic    | 4 |  4.3
Stealth        | 3 |  3.5
Dodging        | |  1.7
Spellcasting   | |  2.8
Transmutations | |  1.1

Action                     |  1- 3 |  4- 6 || total
---------------------------+-------+-------++-------
  Melee: Dagger            |    65 |     4 ||    69
         Punch             |     1 |       ||     1
   Cast: Sandblast         |    48 |    40 ||    88
 Armour: Ring mail         |     6 |     8 ||    14
  Dodge: Dodged            |    11 |    19 ||    30
  Block: Other             |       |     2 ||     2
